General information
			
			
        
        - name: BNet
 
        - type: Ladder team game (AT/RT)
 
        - host: Battle.net
 
        - saver: SDFWESDER
 
        
map: Deadlock 
        - players: 8
 
        - length: 54:19
 
        - speed: Fast
 - version: 1.22 W3XP
 - replay type:  Public
 
» download(637 KB)
Players
        team 1 (loser) 
              
              
298739283939208 (
pink | 105 APM | 5703 actions | 54:17)
              
 4 Keeper of the Grove 
 2 Entangling Roots
 2 Thorns Aura
 3 Priestess of the Moon 
 2 Trueshot Aura
 1 Scout
 
                » actions 
                
                | Assign group hotkey | 146 |  | 
| Basic commands | 13 |  | 
| Build / train | 66 |  | 
| ESC pressed | 1 |  | 
| Enter build submenu | 27 |  | 
| Enter hero's abilities submenu | 7 |  | 
| Give item / drop item | 3 |  | 
| Remove unit from queue | 2 |  | 
| Right click | 2466 |  | 
| Select / deselect | 810 |  | 
| Select group hotkey | 1993 |  | 
| Use ability | 169 |  | 
                5703 total
 » units 
                » upgrades
                
                | Strength of the Wild | 2 |  | 
| Abolish Magic | 1 |  | 
| Reinforced Hides | 2 |  | 
| Ultravision | 1 |  | 
                6 total
 » buildings
                
                | Altar of Elders | 1 |  | 
| Moon Well | 5 |  | 
| Hunter's Hall | 1 |  | 
| Ancient of War | 2 |  | 
| Tree of Ages | 1 |  | 
| Ancient of Lore | 2 |  | 
| Ancient of Wonders | 1 |  | 
| Tree of Life | 5 |  | 
| Ancient Protector | 6 |  | 
                24 total
 » build order
                00:11 Altar of Elders
00:21 Moon Well
01:39 Hunter's Hall
01:41 Ancient of War
01:57 Moon Well
02:15 Ancient of War
02:32 Moon Well
05:06 Tree of Ages
05:51 Moon Well
07:47 Ancient of Lore
07:49 Ancient of Lore
09:08 Ancient of Wonders
09:33 Moon Well
13:57 Tree of Life
17:01 Tree of Life
19:24 Ancient Protector
20:15 Ancient Protector
20:16 Ancient Protector
20:19 Ancient Protector
21:25 Ancient Protector
21:30 Ancient Protector
33:21 Tree of Life
35:39 Tree of Life
36:21 Tree of Life
» items
                
                | Scroll of Town Portal | 6 |  | 
| Scroll of Speed | 1 |  | 
| Healing Salve | 1 |  | 
| Lesser Clarity Potion | 1 |  | 
| Scroll of Healing | 3 |  | 
| Potion of Lesser Invulnerability | 1 |  | 
| Scroll of Protection | 1 |  | 
| Staff of Teleportation | 1 |  | 
| Potion of Healing | 1 |  | 
| Scroll of Regeneration | 1 |  | 
                17 total
  
               
              
              
» 
DIRTMCWORDUP (
red | 177 APM | 9595 actions | 54:14)
              
 5 Mountain King 
 3 Storm Bolt
 2 Bash
 5 Blood Mage 
 2 Banish
 1 Siphon Mana
 2 Flame Strike
 
                » actions 
                
                | Assign group hotkey | 45 |  | 
| Basic commands | 194 |  | 
| Build / train | 127 |  | 
| ESC pressed | 4 |  | 
| Enter build submenu | 42 |  | 
| Enter hero's abilities submenu | 10 |  | 
| Give item / drop item | 4 |  | 
| Right click | 3921 |  | 
| Select / deselect | 745 |  | 
| Select group hotkey | 4342 |  | 
| Use ability | 161 |  | 
                9595 total
 » units 
                
                | Peasant | 14 |  | 
| Footman | 7 |  | 
| Rifleman | 7 |  | 
| Gryphon Rider | 16 |  | 
| Spell Breaker | 2 |  | 
                46 total
 » upgrades
                
                | Defend | 1 |  | 
| Masonry | 3 |  | 
| Lumber Harvesting | 2 |  | 
| Armor | 4 |  | 
| Gunpowder | 1 |  | 
| Swords | 3 |  | 
| Long Rifles | 1 |  | 
| Animal War Training | 1 |  | 
| Storm Hammers | 1 |  | 
| Plating | 1 |  | 
                18 total
 » buildings
                
                | Altar of Kings | 1 |  | 
| Barracks | 1 |  | 
| Farm | 12 |  | 
| Scout Tower | 27 |  | 
| Arcane Tower | 3 |  | 
| Lumber Mill | 1 |  | 
| Keep | 1 |  | 
| Town Hall | 2 |  | 
| Arcane Vault | 2 |  | 
| Guard Tower | 15 |  | 
| Blacksmith | 1 |  | 
| Castle | 1 |  | 
| Gryphon Aviary | 2 |  | 
| Arcane Sanctum | 1 |  | 
                70 total
 » build order
                00:13 Altar of Kings
00:21 Barracks
00:38 Farm
01:04 Farm
01:42 Farm
01:46 Scout Tower
02:24 Arcane Tower
03:35 Lumber Mill
04:08 Farm
04:55 Keep
06:21 Town Hall
06:27 Arcane Vault
06:31 Scout Tower
06:33 Scout Tower
06:38 Scout Tower
06:42 Scout Tower
07:39 Guard Tower
07:40 Arcane Tower
07:41 Arcane Tower
07:59 Blacksmith
08:04 Farm
09:14 Castle
09:16 Gryphon Aviary
09:17 Gryphon Aviary
09:29 Scout Tower
09:30 Scout Tower
10:00 Guard Tower
10:04 Farm
10:05 Farm
10:07 Farm
10:08 Farm
10:59 Guard Tower
14:31 Arcane Vault
14:35 Farm
14:37 Farm
14:37 Farm
19:30 Scout Tower
19:30 Scout Tower
20:28 Guard Tower
20:29 Scout Tower
21:00 Guard Tower
21:08 Town Hall
21:27 Scout Tower
21:28 Scout Tower
21:29 Scout Tower
21:30 Scout Tower
21:31 Scout Tower
21:31 Scout Tower
21:33 Scout Tower
21:34 Scout Tower
21:34 Scout Tower
21:35 Scout Tower
21:36 Scout Tower
21:36 Scout Tower
22:05 Guard Tower
22:29 Guard Tower
22:35 Guard Tower
22:36 Guard Tower
23:00 Guard Tower
23:30 Guard Tower
27:51 Scout Tower
27:55 Scout Tower
28:19 Guard Tower
30:29 Arcane Sanctum
35:10 Scout Tower
35:11 Scout Tower
35:12 Scout Tower
35:40 Guard Tower
36:31 Guard Tower
» items
                
                | Boots of Speed | 1 |  | 
| Staff of Teleportation | 1 |  | 
| Scroll of Regeneration | 9 |  | 
| Lesser Clarity Potion | 5 |  | 
| Scroll of Town Portal | 10 |  | 
| Staff of Sanctuary | 1 |  | 
| Orb of Fire | 1 |  | 
| Potion of Healing | 1 |  | 
                29 total
  
               
              
              
» 
Iceberg-Slim (
orange | 69 APM | 3746 actions | 54:15)
              
 4 Tauren Chieftain 
 2 Shockwave
 2 Endurance Aura
 4 Far Seer 
 2 Feral Spirit
 2 Chain Lighting
 3 Shadow Hunter 
 2 Hex
 1 Healing Wave
 
                » actions 
                
                | Assign group hotkey | 41 |  | 
| Basic commands | 366 |  | 
| Build / train | 90 |  | 
| ESC pressed | 5 |  | 
| Enter build submenu | 25 |  | 
| Enter hero's abilities submenu | 11 |  | 
| Right click | 1361 |  | 
| Select / deselect | 794 |  | 
| Select group hotkey | 856 |  | 
| Use ability | 196 |  | 
                3746 total
 » units 
                
                | Peon | 18 |  | 
| Grunt | 4 |  | 
| Troll Batrider | 15 |  | 
| Shaman | 11 |  | 
| Wind Rider | 1 |  | 
                49 total
 » upgrades
                
                | Berserker Strength | 1 |  | 
| Shaman Training | 2 |  | 
| Pillage | 1 |  | 
| Liquid Fire | 1 |  | 
| Reinforced Defenses | 1 |  | 
| Ranged Weapons | 1 |  | 
| Envenomed Spears | 1 |  | 
                8 total
 » buildings
                
                | Altar of Storms | 2 |  | 
| Orc Burrow | 8 |  | 
| Barracks | 2 |  | 
| Voodoo Lounge | 1 |  | 
| Stronghold | 2 |  | 
| War Mill | 1 |  | 
| Beastiary | 2 |  | 
| Great Hall | 1 |  | 
| Fortress | 1 |  | 
| Spirit Lodge | 1 |  | 
| Watch Tower | 5 |  | 
                26 total
 » build order
                00:08 Altar of Storms
00:12 Orc Burrow
00:39 Barracks
01:34 Orc Burrow
02:02 Voodoo Lounge
02:57 Stronghold
03:34 Orc Burrow
03:54 War Mill
05:29 Beastiary
06:37 Great Hall
07:37 Fortress
07:49 Spirit Lodge
08:43 Orc Burrow
09:38 Orc Burrow
09:58 Watch Tower
11:04 Watch Tower
12:18 Watch Tower
13:39 Beastiary
15:01 Orc Burrow
16:35 Watch Tower
18:24 Watch Tower
19:44 Stronghold
27:31 Orc Burrow
29:07 Barracks
29:14 Altar of Storms
30:16 Orc Burrow
» items
                
                | Lesser Clarity Potion | 3 |  | 
| Scroll of Speed | 2 |  | 
| Healing Salve | 3 |  | 
| Scroll of Town Portal | 4 |  | 
| Orb of Lightning | 2 |  | 
| Tiny Great Hall | 1 |  | 
                15 total
  
               
              
              
YEAHSHESASSBATS (
green | 102 APM | 5511 actions | 54:11)
              
 6 Tauren Chieftain 
 3 War Stomp
 2 Endurance Aura
 1 Reincarnation
 4 Shadow Hunter 
 2 Hex
 2 Healing Wave
 
                » actions 
                
                | Assign group hotkey | 37 |  | 
| Basic commands | 535 |  | 
| Build / train | 112 |  | 
| ESC pressed | 14 |  | 
| Enter build submenu | 27 |  | 
| Enter hero's abilities submenu | 11 |  | 
| Give item / drop item | 1 |  | 
| Remove unit from queue | 3 |  | 
| Right click | 2177 |  | 
| Select / deselect | 1154 |  | 
| Select group hotkey | 1220 |  | 
| Use ability | 220 |  | 
                5511 total
 » units 
                
                | Peon | 31 |  | 
| Grunt | 4 |  | 
| Wind Rider | 17 |  | 
| Troll Batrider | 9 |  | 
| Raider | 1 |  | 
                62 total
 » upgrades
                
                | Armor | 3 |  | 
| Envenomed Spears | 1 |  | 
| Reinforced Defenses | 1 |  | 
| Ranged Weapons | 3 |  | 
                8 total
 » buildings
                
                | Altar of Storms | 1 |  | 
| Orc Burrow | 4 |  | 
| Barracks | 1 |  | 
| Voodoo Lounge | 1 |  | 
| War Mill | 1 |  | 
| Stronghold | 1 |  | 
| Great Hall | 4 |  | 
| Watch Tower | 10 |  | 
| Beastiary | 2 |  | 
| Fortress | 2 |  | 
                27 total
 » build order
                00:04 Altar of Storms
00:08 Orc Burrow
00:57 Barracks
01:30 Orc Burrow
02:01 Voodoo Lounge
02:26 War Mill
04:03 Stronghold
04:54 Great Hall
05:07 Orc Burrow
05:30 Watch Tower
06:05 Watch Tower
07:30 Beastiary
07:33 Beastiary
09:05 Fortress
09:05 Fortress
09:32 Orc Burrow
13:47 Great Hall
19:15 Watch Tower
19:17 Watch Tower
19:43 Watch Tower
19:44 Watch Tower
20:24 Watch Tower
20:29 Watch Tower
20:53 Watch Tower
20:55 Watch Tower
38:58 Great Hall
46:49 Great Hall
» items
                
                | Healing Salve | 8 |  | 
| Lesser Clarity Potion | 6 |  | 
| Scroll of Town Portal | 8 |  | 
| Orb of Lightning | 1 |  | 
| Tiny Great Hall | 1 |  | 
                24 total
  
               team 2 (winner) 
              
              
beli (
purple | 148 APM | 8042 actions | 54:18)
              
 6 Tauren Chieftain 
 3 Shockwave
 2 Endurance Aura
 1 Reincarnation
 5 Pandaren Brewmaster 
 3 Breath of Fire
 2 Drunken Haze
 
                » actions 
                
                | Assign group hotkey | 79 |  | 
| Basic commands | 265 |  | 
| Build / train | 165 |  | 
| ESC pressed | 10 |  | 
| Enter build submenu | 47 |  | 
| Enter hero's abilities submenu | 13 |  | 
| Give item / drop item | 3 |  | 
| Right click | 2325 |  | 
| Select / deselect | 1778 |  | 
| Select group hotkey | 2948 |  | 
| Use ability | 409 |  | 
                8042 total
 » units 
                
                | Peon | 44 |  | 
| Grunt | 11 |  | 
| Troll Batrider | 47 |  | 
| Razormane Medicine Man | 2 |  | 
| Demolisher | 4 |  | 
| Kodo Beast | 2 |  | 
| Dryad | 2 |  | 
| Wisp | 1 |  | 
                113 total
 » upgrades
                
                | Reinforced Defenses | 1 |  | 
| Strength of the Wild | 2 |  | 
| Reinforced Hides | 1 |  | 
                4 total
 » buildings
                
                | Altar of Storms | 1 |  | 
| Orc Burrow | 9 |  | 
| Barracks | 1 |  | 
| Voodoo Lounge | 3 |  | 
| Stronghold | 2 |  | 
| Great Hall | 11 |  | 
| War Mill | 1 |  | 
| Watch Tower | 28 |  | 
| Beastiary | 2 |  | 
| Fortress | 2 |  | 
| Tree of Life | 1 |  | 
| Moon Well | 2 |  | 
                63 total
 » build order
                00:08 Altar of Storms
00:15 Orc Burrow
00:35 Barracks
01:31 Orc Burrow
01:59 Voodoo Lounge
04:25 Stronghold
04:25 Stronghold
04:43 Great Hall
04:59 War Mill
05:02 Orc Burrow
06:34 Great Hall
06:35 Watch Tower
06:36 Watch Tower
06:37 Watch Tower
06:53 Watch Tower
06:54 Watch Tower
06:55 Watch Tower
07:57 Watch Tower
07:58 Watch Tower
07:59 Watch Tower
09:17 Beastiary
09:18 Beastiary
11:20 Orc Burrow
11:21 Orc Burrow
11:22 Orc Burrow
12:25 Voodoo Lounge
14:03 Voodoo Lounge
14:34 Great Hall
20:18 Orc Burrow
20:18 Orc Burrow
20:18 Orc Burrow
20:53 Watch Tower
20:54 Watch Tower
20:55 Watch Tower
20:55 Watch Tower
20:56 Fortress
20:56 Fortress
21:22 Watch Tower
21:23 Watch Tower
23:22 Watch Tower
23:24 Watch Tower
23:24 Watch Tower
23:29 Watch Tower
23:30 Watch Tower
23:31 Watch Tower
23:42 Watch Tower
23:50 Watch Tower
23:51 Watch Tower
23:54 Watch Tower
25:26 Watch Tower
25:26 Watch Tower
25:49 Watch Tower
27:47 Great Hall
28:46 Great Hall
32:20 Great Hall
34:42 Great Hall
40:01 Great Hall
41:51 Tree of Life
41:57 Great Hall
44:15 Great Hall
44:36 Great Hall
47:28 Moon Well
48:01 Moon Well
» items
                
                | Healing Salve | 4 |  | 
| Lesser Clarity Potion | 5 |  | 
| Scroll of Speed | 2 |  | 
| Potion of Healing | 3 |  | 
| Potion of Mana | 2 |  | 
| Scroll of Town Portal | 5 |  | 
| Scroll of Healing | 2 |  | 
| Scroll of Protection | 2 |  | 
                25 total
  
               
              
              
» 
CoWBoYsFroMHeLL (
teal | 112 APM | 6075 actions | 54:18)
              
 5 Death Knight 
 3 Death Coil
 2 Unholy Aura
 6 Pandaren Brewmaster 
 3 Breath of Fire
 2 Drunken Haze
 1 Storm Earth and Fire
 2 Pit Lord 
 1 Howl of Terror
 1 Cleaving Attack
 
                » actions 
                
                | Assign group hotkey | 143 |  | 
| Basic commands | 75 |  | 
| Build / train | 178 |  | 
| Enter build submenu | 63 |  | 
| Enter hero's abilities submenu | 14 |  | 
| Give item / drop item | 4 |  | 
| Remove unit from queue | 3 |  | 
| Right click | 3466 |  | 
| Select / deselect | 1247 |  | 
| Select group hotkey | 455 |  | 
| Use ability | 427 |  | 
                6075 total
 » units 
                
                | Acolyte | 16 |  | 
| Ghoul | 10 |  | 
| Crypt Fiend | 8 |  | 
| Obsidian Statue | 3 |  | 
| Frost Wyrm | 8 |  | 
| Gargoyle | 6 |  | 
| Wisp | 16 |  | 
| Dryad | 6 |  | 
                73 total
 » upgrades
                
                | Creature Attack | 3 |  | 
| Web | 1 |  | 
| Creature Carapace | 3 |  | 
| Burrow | 1 |  | 
| Destroyer Form | 1 |  | 
| Abolish Magic | 1 |  | 
                10 total
 » buildings
                
                | Graveyard | 3 |  | 
| Crypt | 3 |  | 
| Altar of Darkness | 3 |  | 
| Ziggurat | 22 |  | 
| Tomb of Relics | 1 |  | 
| Halls of the Dead | 5 |  | 
| Necropolis | 4 |  | 
| Black Citadel | 5 |  | 
| Slaughterhouse | 2 |  | 
| Sacrificial Pit | 2 |  | 
| Spirit Tower | 10 |  | 
| Boneyard | 4 |  | 
| Nerubian Tower | 5 |  | 
| Tree of Ages | 4 |  | 
| Ancient of War | 2 |  | 
| Moon Well | 3 |  | 
| Tree of Life | 1 |  | 
| Ancient of Lore | 4 |  | 
                83 total
 » build order
                00:07 Graveyard
00:09 Crypt
00:31 Altar of Darkness
00:47 Ziggurat
01:09 Tomb of Relics
01:58 Ziggurat
03:17 Ziggurat
04:04 Halls of the Dead
05:08 Ziggurat
07:06 Necropolis
07:08 Ziggurat
07:26 Ziggurat
07:27 Black Citadel
07:27 Black Citadel
07:33 Slaughterhouse
08:04 Sacrificial Pit
08:06 Spirit Tower
09:14 Spirit Tower
10:10 Boneyard
12:28 Boneyard
13:48 Slaughterhouse
13:50 Necropolis
13:50 Ziggurat
13:52 Ziggurat
14:00 Boneyard
14:01 Ziggurat
14:54 Ziggurat
15:12 Spirit Tower
15:13 Spirit Tower
16:43 Nerubian Tower
16:45 Sacrificial Pit
18:22 Boneyard
19:23 Ziggurat
19:25 Ziggurat
19:28 Ziggurat
19:29 Ziggurat
19:30 Ziggurat
19:54 Spirit Tower
19:54 Spirit Tower
20:02 Spirit Tower
20:02 Spirit Tower
21:02 Altar of Darkness
21:04 Halls of the Dead
21:05 Halls of the Dead
21:06 Ziggurat
22:06 Nerubian Tower
22:06 Nerubian Tower
22:10 Graveyard
22:20 Crypt
23:36 Necropolis
23:50 Altar of Darkness
23:51 Ziggurat
23:51 Ziggurat
23:52 Ziggurat
23:52 Ziggurat
25:55 Nerubian Tower
25:55 Nerubian Tower
27:33 Graveyard
27:48 Halls of the Dead
31:18 Ziggurat
31:23 Ziggurat
31:24 Crypt
31:27 Necropolis
32:49 Black Citadel
34:10 Tree of Ages
34:11 Tree of Ages
34:19 Ancient of War
34:19 Ancient of War
34:25 Moon Well
42:01 Tree of Life
44:17 Tree of Ages
44:17 Tree of Ages
46:38 Ancient of Lore
46:46 Ancient of Lore
46:50 Ancient of Lore
47:10 Moon Well
47:13 Moon Well
47:56 Ancient of Lore
» items
                
                | Rod of Necromancy | 5 |  | 
| Potion of Mana | 5 |  | 
| Scroll of Town Portal | 10 |  | 
| Potion of Healing | 1 |  | 
| Lesser Clarity Potion | 3 |  | 
| Scroll of Healing | 5 |  | 
| Potion of Lesser Invulnerability | 2 |  | 
| Scroll of Protection | 1 |  | 
| Orb of Corruption | 1 |  | 
| Healing Salve | 1 |  | 
                34 total
  
               
              
              
» 
DASOCKBANDIT (
yellow | 105 APM | 2776 actions | 26:30)
              
 4 Pandaren Brewmaster 
 2 Breath of Fire
 2 Drunken Haze
 
                » actions 
                
                | Assign group hotkey | 38 |  | 
| Basic commands | 28 |  | 
| Build / train | 80 |  | 
| ESC pressed | 3 |  | 
| Enter build submenu | 21 |  | 
| Enter hero's abilities submenu | 4 |  | 
| Give item / drop item | 1 |  | 
| Remove unit from queue | 1 |  | 
| Right click | 1196 |  | 
| Select / deselect | 586 |  | 
| Select group hotkey | 737 |  | 
| Use ability | 80 |  | 
                2776 total
 » units 
                » upgrades
                
                | Strength of the Moon | 1 |  | 
| Moon Armor | 1 |  | 
                2 total
 » buildings
                
                | Altar of Elders | 2 |  | 
| Moon Well | 4 |  | 
| Hunter's Hall | 1 |  | 
| Ancient of War | 2 |  | 
| Ancient Protector | 1 |  | 
| Tree of Life | 9 |  | 
| Tree of Ages | 1 |  | 
| Ancient of Wind | 1 |  | 
                21 total
 » build order
                00:04 Altar of Elders
00:22 Moon Well
01:45 Hunter's Hall
01:49 Ancient of War
02:07 Ancient of War
02:21 Moon Well
02:38 Moon Well
05:17 Moon Well
06:11 Ancient Protector
16:21 Tree of Life
16:22 Tree of Life
16:26 Tree of Ages
17:06 Tree of Life
17:30 Tree of Life
21:13 Tree of Life
21:48 Tree of Life
22:33 Tree of Life
22:57 Tree of Life
23:06 Tree of Life
25:17 Ancient of Wind
25:20 Altar of Elders
» items
                 
               
              
              
» 
SDFWESDER (
blue | 199 APM | 10831 actions | 54:19)
              
 6 Death Knight 
 3 Death Coil
 2 Unholy Aura
 1 Animate Dead
 5 Lich 
 3 Frost Nova
 2 Frost Armor
 6 Dreadlord 
 3 Sleep
 2 Carrion Swarm
 1 Inferno
 1 Pandaren Brewmaster 
 1 Storm Earth and Fire
 
                » actions 
                
                | Assign group hotkey | 919 |  | 
| Basic commands | 12 |  | 
| Build / train | 104 |  | 
| ESC pressed | 26 |  | 
| Enter build submenu | 22 |  | 
| Enter hero's abilities submenu | 18 |  | 
| Give item / drop item | 2 |  | 
| Right click | 4829 |  | 
| Select / deselect | 453 |  | 
| Select group hotkey | 4261 |  | 
| Use ability | 185 |  | 
                10831 total
 » units 
                
                | Acolyte | 8 |  | 
| Ghoul | 2 |  | 
| Crypt Fiend | 12 |  | 
| Obsidian Statue | 3 |  | 
| Frost Wyrm | 4 |  | 
                29 total
 » upgrades
                
                | Burrow | 1 |  | 
| Creature Attack | 1 |  | 
| Creature Carapace | 1 |  | 
| Destroyer Form | 1 |  | 
| Web | 1 |  | 
                5 total
 » buildings
                
                | Graveyard | 1 |  | 
| Crypt | 1 |  | 
| Altar of Darkness | 1 |  | 
| Ziggurat | 7 |  | 
| Tomb of Relics | 1 |  | 
| Nerubian Tower | 2 |  | 
| Halls of the Dead | 3 |  | 
| Black Citadel | 2 |  | 
| Slaughterhouse | 1 |  | 
| Sacrificial Pit | 1 |  | 
| Boneyard | 1 |  | 
| Spirit Tower | 1 |  | 
| Tree of Ages | 2 |  | 
| Hunter's Hall | 1 |  | 
| Ancient of Lore | 1 |  | 
| Tree of Life | 2 |  | 
                28 total
 » build order
                00:07 Graveyard
00:11 Crypt
00:40 Altar of Darkness
00:51 Ziggurat
01:17 Tomb of Relics
01:52 Ziggurat
02:56 Nerubian Tower
02:57 Nerubian Tower
04:06 Halls of the Dead
04:51 Ziggurat
07:00 Ziggurat
07:28 Black Citadel
07:29 Black Citadel
08:03 Slaughterhouse
09:12 Ziggurat
09:20 Ziggurat
10:09 Sacrificial Pit
11:15 Boneyard
13:50 Spirit Tower
18:25 Ziggurat
44:16 Tree of Ages
44:17 Tree of Ages
46:33 Hunter's Hall
48:12 Ancient of Lore
50:15 Tree of Life
51:15 Tree of Life
» items
                
                | Rod of Necromancy | 4 |  | 
| Scroll of Town Portal | 13 |  | 
| Potion of Mana | 1 |  | 
| Orb of Corruption | 1 |  | 
| Potion of Healing | 1 |  | 
| Scroll of Speed | 2 |  | 
                22 total
  
                Chat log
          (00:17 / All) SDFWESDER: sup penis mouths XD
(00:22 / All) Iceberg-Slim: hi guys manner up and havef un
(00:26 / All) DASOCKBANDIT: were going to rape u
(00:27 / All) SDFWESDER: suck on my vagina
(00:29 / All) SDFWESDER: bitch
(00:29 / All) DIRTMCWORDUP: hey look you got some people to carry you
(00:34 / All) DIRTMCWORDUP: maybe you can win for once
(00:43 / All) SDFWESDER: lol
(00:48 / All) 298739283939208: wesder isnt quiet anymore
(00:54 / All) 298739283939208: when coolmike backs him up
(00:55 / All) 298739283939208: lol
(00:58 / All) SDFWESDER: maybe win one
(00:59 / All) SDFWESDER: lol
(01:02 / All) CoWBoYsFroMHeLL: what about me
(01:04 / All) DASOCKBANDIT: i am now only dsb
(01:05 / All) CoWBoYsFroMHeLL: auh8euaheauhe
(01:07 / All) SDFWESDER: dont need to stinky bitch to carry me
(01:08 / All) DASOCKBANDIT: i dropped the coolmike
(01:08 / All) 298739283939208: a9s9sksdjfosos
(01:16 / All) YEAHSHESASSBATS: Why
(02:17 / Allies) DASOCKBANDIT: spammed my dick in yo ass
(02:50 / All) DASOCKBANDIT: pro elf player after me
(02:58 / All) 298739283939208: PRO BOLT
(03:00 / All) 298739283939208: AFTER YOU
(03:07 / All) SDFWESDER: wow tom
(03:09 / All) DASOCKBANDIT: pro surrounds
(03:09 / All) SDFWESDER: you suck ol
(03:15 / All) SDFWESDER: LOL
(04:25 / All) DASOCKBANDIT: tp out red
(04:36 / All) SDFWESDER: WHY RUNNIN
(04:37 / All) CoWBoYsFroMHeLL: get my expo more
(06:58 / All) DASOCKBANDIT: why do u try to play like us u suck lol
(07:47 / All) CoWBoYsFroMHeLL: i can micro the fiends
(07:49 / All) CoWBoYsFroMHeLL: sauhsuaheuaheauhe
(07:54 / All) YEAHSHESASSBATS: euheueueuehe
(11:16 / All) 298739283939208: hey my hunt lol
(26:18 / All) DASOCKBANDIT: gtg nice choke lol
(26:26 / All) DIRTMCWORDUP: gg
(26:38 / All) YEAHSHESASSBATS: gg wesder
(26:50 / All) SDFWESDER: gg?
(27:04 / All) SDFWESDER: talons im guessing
(54:10 / All) SDFWESDER: gg
(54:14 / All) Iceberg-Slim: gg